 Dungeon Crawl Stone Soup version 0.29.1-14-g9c671dbff4 (webtiles) character file.

Game seed: 9760411839546636224

53 Mickster the Covered (level 3, -2/31 HPs)
             Began as a Demigod Fighter on Feb 16, 2023.
             Succumbed to an orc's poison
             ... on level 3 of the Dungeon on Feb 18, 2023.
             The game lasted 00:17:28 (851 turns).

Mickster the Covered (Demigod Fighter)               Turns: 851, Time: 00:17:29

Health: -2/31      AC:  7    Str: 21 (23) XL:     3   Next: 42%
Magic:  3/5        EV:  9    Int: 10      God:
Gold:   46         SH:  0    Dex: 16 (17) Spells: 2/2 levels left

rFire   x . .      SeeInvis .   m - +4 battleaxe (vamp)
rCold   + . .      Faith    .   (shield currently unavailable)
rNeg    . . .      Spirit   +   b - +1 scale mail
rPois   .          Reflect  .   (no helmet)
rElec   .          Harm     .   (no cloak)
rCorr   .          Rampage  .   (no gloves)
Will    .....                   (no boots)
Stlth   ..........              f - amulet of guardian spirit
HPRegen 0.10/turn               j - ring of ice
MPRegen 0.09/turn               k - +6 ring of strength

@: lethally poisoned (-2 -> -30)
A: high MP 1, forlorn, divine attributes
a: no special abilities


You were on level 3 of the Dungeon.
You visited 1 branch of the dungeon, and saw 3 of its levels.

You collected 46 gold pieces.

Inventory:

Hand Weapons
 a - a +0 war axe
 e - a +0 sling
 i - a +0 mace
 m - a +4 vampiric battleaxe (weapon)
Missiles
 h - 5 poisoned darts (quivered)
 p - a throwing net
Armour
 b - a +1 scale mail (worn)
 c - a +0 buckler
 g - an orb of mayhem
 l - a +0 ring mail
Magical Staves
 o - a staff of poison
Jewellery
 f - an amulet of guardian spirit (around neck)
 j - a ring of ice (left hand)
 k - a +6 ring of strength (right hand)
Potions
 d - a potion of might


   Skills:
 + Level 3.1 Fighting
 * Level 2.4 Axes
 + Level 0.2 Throwing
 + Level 3.2 Armour
 + Level 0.3 Dodging
 + Level 2.9 Shields


You had 2 spell levels left.
You didn't know any spells.
Your spell library was empty.

Dungeon Overview and Level Annotations

Branches:
Dungeon (3/15)


Innate Abilities, Weirdness & Mutations

You have an increased reservoir of magic. (+10% MP)
You shall have no god before yourself.
Your divine heritage dramatically boosts your attributes as you level up.


Message History

You see here a +0 club.
You now have 46 gold pieces (gained 10).
A rat comes into view.
An orc wizard comes into view. It is wielding a +0 dagger.
The orc wizard shouts!
An orc comes into view. It is wielding a +2 trident of venom.
An orc comes into view. It is wielding a +0 hand axe.
The orc shouts!
An orc priest comes into view. It is wielding a +0 flail.
The orc wizard gestures at you while chanting.
You resist with significant effort.
The orc priest begins to cast a cantrip, but forgets the words!
You slash the orc wizard!
You kill the orc wizard!
The orc barely misses you.
You feel your intelligence returning.
You have reached level 3!
Your experience leads to a dramatic increase in your attributes!
Your base attributes are Str 17, Int 10, Dex 13.
Increase (S)trength, (I)ntelligence, or (D)exterity?
You feel agile. x4
You barely miss the orc. The orc closely misses you. x2
The orc priest miscasts a cantrip.
You slice the orc!!
You feel better.
You kill the orc!
The orc hits you from afar with a +2 trident of venom.
You are poisoned.
The orc hits you from afar with a +2 trident of venom.
You are lethally poisoned!
You feel very sick.
The orc hits you with a +2 trident of venom.
Items here: )) [[ †.
You barely miss the orc.
You feel very sick.
The orc hits you with a +2 trident of venom.
* * * LOW HITPOINT WARNING * * *
You are more poisoned.
You slash the orc!
You kill the orc!
You die...

#.# # #.#.# # # ##.#.
.# .##... .. r...# #.
#..# .###.r####..##
.....o)@.....#
.###.######..######..
#..<.......
##.######## #)# #.#
#.# #.# ...


You could see an orc priest and a rat.

Vanquished Creatures
  An orc wizard (D:3)
  A dart slug (D:1)
  2 orcs (D:3)
  A ball python (D:1)
  2 endoplasms (D:1)
  2 giant cockroaches (D:2)
  5 goblins
  2 quokkas
  4 bats
  4 frilled lizards
  2 rats (D:1)
26 creatures vanquished.

Notes
Turn   | Place    | Note
-------+----------+-------------------------------------------
     0 | D:1      | Mickster the Demigod Fighter began the quest for the Orb.
     0 | D:1      | Reached XP level 1. HP: 18/18 MP: 3/3
   330 | D:1      | Reached XP level 2. HP: 25/25 MP: 4/4
   668 | D:2      | Identified a scroll of acquirement
   668 | D:2      | Acquired a +4 vampiric battleaxe
   847 | D:3      | Reached XP level 3. HP: 30/31 MP: 5/5
   851 | D:3      | Succumbed to an orc's poison

Illustrated notes

Levels and vault maps discovered:
D:1:      spicycebolla_arrival_ecumenical, layout_loops_cross
D:2:      layout_rooms, basic_altar
D:3:      layout_loops_ring, minmay_ruptured

Skill      XL: |  1  2 |
---------------+-------+-----
Armour         | 3 |  3.2
Fighting       | 3 |  3.1
Axes           | 2 |  2.4
Throwing       | |  0.2
Dodging        | |  0.3
Shields        | |  2.9

Action                   || total
-------------------------++-------
Melee: War axe           ||    32
       Battleaxe         ||    20
Throw: Dart              ||     5
  Use: Scroll            ||     3
       Potion            ||     2
Armor: Scale mail        ||    41
Dodge: Dodged            ||    32
Block: Buckler           ||     4
